 Dungeon Crawl Stone Soup version 0.31-a0-1363-g282adc679d (webtiles) character file.

Game seed: 2419406341708361983

2295 Bnni the Geomancer (level 9, -3/66 HPs)
             Began as a Formicid Earth Elementalist on Dec 23, 2023.
             Was a Follower of Cheibriados.
             Incinerated by a bombardier beetle (7 damage)
             ... with a burning spray
             ... on level 6 of the Dungeon.
             The game lasted 00:14:19 (5623 turns).

Bnni the Geomancer (Formicid Earth Elementalist)    Turns: 5623, Time: 00:14:19

Health: -3/66      AC: 10    Str: 16    XL:     9   Next: 67%
Magic:  5/16       EV:  9    Int: 28    God:    Cheibriados [*.....]
Gold:   333        SH: 11    Dex: 17    Spells: 11/17 levels left

rFire   . . .        i - +0 dagger (venom)
rCold   . . .        j - +0 kite shield
rNeg    . . .        e - +0 ring mail
rPois   .            (helmet unavailable)
rElec   .            (no cloak)
rCorr   .            u - +0 pair of gloves
SInv    +            (no boots)
Will    .....        v - amulet of faith
Stlth   +            p - +6 ring of intelligence
HPRegen 0.31/turn    q - +4 ring of protection
MPRegen 0.15/turn

%: faith
@: on fire, glowing, very slow
A: permanent stasis, dig shafts and tunnels, antennae 3, four strong arms
a: Dig, Shaft Self, Renounce Religion, Bend Time


You were on level 6 of the Dungeon.
You worshipped Cheibriados.
Cheibriados was aware of your devotion.
You visited 2 branches of the dungeon, and saw 7 of its levels.

You collected 333 gold pieces.

Inventory:

Hand Weapons
 d - a +0 dagger of electrocution
 i - a +0 dagger of venom (weapon)
 x - the +2 dagger "Boaxeq" {spect, rF++ Will+ Dex+4}
   (You found it on level 4 of the Dungeon)

   Dex+4:     It affects your dexterity (+4).
   rF++:      It greatly protects you from fire.
   Will+:     It increases your willpower.
Missiles
 C - 3 curare-tipped darts
Armour
 e - a +0 ring mail (worn)
 j - a +0 kite shield (worn)
 u - a +0 pair of gloves (worn)
Jewellery
 g - a ring of fire
 p - a +6 ring of intelligence (left hand)
 q - a +4 ring of protection (right hand)
 v - an amulet of faith (around neck)
Wands
 o - a wand of mindburst (4)
Scrolls
 c - a scroll of blinking {unknown}
 h - 3 scrolls of immolation {unknown}
 k - a scroll of acquirement {unknown}
 l - 6 scrolls of teleportation {unknown}
 n - a scroll of enchant weapon {unknown}
 r - a scroll of revelation {unknown}
 s - 3 scrolls of poison {unknown}
 t - a scroll of fog {unknown}
 w - a scroll of vulnerability {unknown}
Potions
 a - a potion of cancellation
 b - 2 potions of magic
 f - a potion of enlightenment
 m - a potion of curing
 z - a potion of mutation
 A - a potion of brilliance {unknown}
 B - a potion of invisibility {unknown}


   Skills:
 + Level 4.5 Fighting
 - Level 1.7 Dodging
 - Level 2.4 Stealth
 * Level 7.5 Shields
 + Level 4.7 Spellcasting
 - Level 5.0 Conjurations
 * Level 8.3 Earth Magic
 - Level 2.0 Alchemy
 + Level 2.6 Invocations


You had 11 spell levels left.
You knew the following spells:

 Your Spells              Type           Power      Damage    Failure   Level
a - Sandblast             Erth           100%       2d20      1%          1
b - Passwall              Alch/Erth      29%        N/A       6%          2
c - Stone Arrow           Conj/Erth      88%        3d12      6%          3

Your spell library contained the following spells:

 Spells                   Type           Power      Damage    Failure   Level
 Magic Dart               Conj           100%       1d8       4%          1
 Searing Ray              Conj           68%        2d6       6%          2
 Brom's Barrelling Bould  Conj/Erth      44%        2d6       21%         4
 Cigotuvi's Dreadful Rot  Necr/Alch/Air  20%        N/A       36%         2
 Petrify                  Alch/Erth      35%        N/A       36%         4
 Ensorcelled Hibernation  Hex/Ice        12%        N/A       43%         2
 Fulminant Prism          Conj/Alch      13%        3d8       58%         4
 Volatile Blastmotes      Fire/Tloc      12%        2d11      67%         3
 Iskenderun's Mystic Bla  Conj/Tloc      20%        2d6       75%         4
 Ignite Poison            Fire/Alch      12%        N/A       91%         4
 Freezing Cloud           Conj/Ice/Air   8%         6-21      99%         5
 Swiftness                Air            Unusable   N/A       N/A         3

Dungeon Overview and Level Annotations

Branches:
Dungeon (6/15)             Temple (1/1) D:4

Altars:
Ashenzari
Cheibriados
Elyvilon
Fedhas
Kikubaaqudgha
Nemelex Xobeh
Qazlal
Ru
Trog
Uskayaw
Vehumet
Xom
Yredelemnul
Zin
The Shining One


Innate Abilities, Weirdness & Mutations

You cannot be hasted, slowed, berserked, paralysed or teleported.
You can dig through walls and to a lower floor.
You have a pair of large antennae on your head. (SInv)
Your four strong arms can wield two-handed weapons with a shield.


Message History

Press: ? - help, Q - select action, (/) - cycle Shift-Dir - straight line, f - Sigmund
Aim: Sigmund, wielding a +0 scythe and wearing a +0 robe (84% to hit)
The blast of sand hits Sigmund!
Sigmund is heavily wounded.
The liquid fire burns you!
* * * LOW HITPOINT WARNING * * *
Sigmund is suddenly surrounded by pale red light.
Sigmund closely misses you.
Aiming: Sandblast (safe; 1% risk of failure)
Press: ? - help, Q - select action, (/) - cycle Shift-Dir - straight line, f/p - Sigmund
Aim: Sigmund, wielding a +0 scythe and wearing a +0 robe (heavily wounded, 84% to hit)
The blast of sand misses Sigmund.
The liquid fire burns you!
* * * LOW HITPOINT WARNING * * *
You block Sigmund's attack.
Aiming: Sandblast (safe; 1% risk of failure)
Press: ? - help, Q - select action, (/) - cycle Shift-Dir - straight line, f/p - Sigmund
Aim: Sigmund, wielding a +0 scythe and wearing a +0 robe (heavily wounded, 84% to hit)
The blast of sand hits Sigmund!
Sigmund is almost dead.
The liquid fire burns you!
* * * LOW HITPOINT WARNING * * *
Sigmund gestures at you while chanting.
You are confused.
You feel better. The liquid fire burns you!
* * * LOW HITPOINT WARNING * * *
Sigmund says, "Now you see me, now you don't..."
You block Sigmund's attack.
Aiming: Sandblast (safe; 1% risk of failure)
Press: ? - help, Q - select action, (/) - cycle Shift-Dir - straight line, f/p - Sigmund
Aim: Sigmund, wielding a +0 scythe and wearing a +0 robe (almost dead, 84% to hit)
The blast of sand hits Sigmund!!
You kill Sigmund!
Cheibriados appreciates the change of pace.
The liquid fire burns you!
* * * LOW HITPOINT WARNING * * *
You shake off some of the fire as you move.
The liquid fire burns you!
You die...

####+####.# ..........#
..........#.#
..........#.#
..........#.#
......†..#.# #.....#.#
#.)(@.#.# #..##.#.# #)#
#>..######## ,...
#...........{ ..#
#.#.########
....#.###.#.#############
... #.......)............
.# #......######..######
....... ##.##


There were no monsters in sight!

Vanquished Creatures
  Sigmund (D:6)
  Edmund (D:5)
  Duvessa (D:5)
  2 black bears
  An ice beast (D:5)
  3 ogres (D:5)
  A centaur (D:6)
  5 phantoms
  A bullfrog (D:6)
  A gnoll sergeant (D:6)
  3 scorpions (D:5)
  Dowan (D:5)
  An electric eel (D:6)
  A jelly (D:5)
  A hound (D:6)
  A gnoll bouda (D:6)
  An orc priest (D:5)
  An orc wizard (D:4)
  5 iguanas
  7 gnolls
  9 adders
  A shadow imp (D:5)
  3 bombardier beetles
  2 worms
  2 dart slugs (D:5)
  8 orcs
  5 endoplasms
  4 giant cockroaches
  8 hobgoblins
  9 jackals
  9 kobolds
  5 quokkas
  4 ball pythons
  7 bats
  5 goblins
  5 rats
125 creatures vanquished.

Vanquished Creatures (others)
  A dart slug (D:4)
1 creature vanquished.

Grand Total: 126 creatures vanquished

Notes
Turn   | Place    | Note
-------+----------+-------------------------------------------
     0 | D:1      | Bnni the Formicid Earth Elementalist began the quest for
                  | the Orb.
     0 | D:1      | Reached XP level 1. HP: 13/13 MP: 3/3
   549 | D:1      | Reached XP level 2. HP: 19/19 MP: 0/5
   631 | D:1      | Reached skill level 4 in Earth Magic
   681 | D:1      | Reached XP level 3. HP: 23/25 MP: 6/6
   685 | D:1      | Reached skill level 1 in Fighting
   849 | D:1      | Learned a level 2 spell: Passwall
   853 | D:1      | Learned a level 3 spell: Stone Arrow
  1444 | D:2      | Reached XP level 4. HP: 25/32 MP: 3/7
  1617 | D:2      | Found a faded altar of an unknown god.
  1879 | D:2      | Reached skill level 1 in Shields
  2154 | D:3      | Reached skill level 1 in Conjurations
  2535 | D:4      | Reached XP level 5. HP: 37/37 MP: 7/9
  2605 | D:4      | Reached skill level 5 in Earth Magic
  2902 | D:4      | Identified the +2 dagger "Boaxeq" {spect, rF++ Will+ Dex+4}
  3013 | D:4      | Reached XP level 6. HP: 44/44 MP: 8/10
  3170 | D:4      | Found a staircase to the Ecumenical Temple.
  3209 | Temple   | Entered the Ecumenical Temple
  3375 | D:5      | Entered Level 5 of the Dungeon
  3482 | D:5      | Noticed Duvessa
  3483 | D:5      | Noticed Dowan
  3493 | D:5      | Killed Duvessa
  3497 | D:5      | Reached XP level 7. HP: 10/50 MP: 7/11
  3498 | D:5      | HP: 1/50 [Dowan/+2 dagger of holy wrath (3)]
  3509 | D:5      | Killed Dowan
  3659 | D:5      | Noticed Edmund
  3665 | D:5      | Killed Edmund
  3666 | D:5      | Reached skill level 6 in Earth Magic
  3775 | D:5      | Reached XP level 8. HP: 57/57 MP: 10/13
  3807 | D:5      | Reached skill level 5 in Shields
  3964 | D:5      | Reached skill level 7 in Earth Magic
  4179 | D:5      | Found a snail-covered altar of Cheibriados.
  4187 | D:5      | Became a worshipper of Cheibriados the Contemplative
  4522 | D:5      | Reached skill level 1 in Invocations
  4522 | D:5      | Reached XP level 9. HP: 26/65 MP: 10/15
  5334 | D:6      | Reached * piety under Cheibriados
  5335 | D:6      | Reached skill level 8 in Earth Magic
  5612 | D:6      | Noticed Sigmund
  5616 | D:6      | Reached skill level 5 in Conjurations
  5622 | D:6      | Killed Sigmund
  5623 | D:6      | Incinerated by a bombardier beetle

Illustrated notes

Levels and vault maps discovered:
D:1:      psy_arrival_radial02, layout_basic
D:2:      layout_basic, basic_ecumenical_altar, minivault_5
D:3:      layout_rooms
D:4:      layout_rooms, lemuel_temple_firewalk_a
D:5:      layout_basic, mainiacjoe_overflow_tiny_flanked,
          minmay_fractal_squares_diagonal_5, uniq_edmund, uniq_duvessa
D:6:      layout_basic, old_standard_altar, serial_bayou_lagoon_a, uniq_sigmund
Temple:   eino_temple_water

Skill      XL: |  1  2  3  4  5  6  7  8  9 |
---------------+----------------------------+-----
Alchemy        | 2 |  2.0
Earth Magic    | 4 5 6 7 8 |  8.3
Fighting       | 1 2 3 4 |  4.5
Shields        | 1 2 3 4 6 7 |  7.5
Conjurations   | 1 2 3 4 5 |  5.0
Spellcasting   | 3 4 |  4.7
Invocations    | 1 2 |  2.6
Dodging        | |  1.7
Stealth        | |  2.4

Action                     |  1- 3 |  4- 6 |  7- 9 || total
---------------------------+-------+-------+-------++-------
  Melee: Dagger            |    42 |    34 |    14 ||    90
   Cast: Sandblast         |    28 |    65 |    88 ||   181
  Evoke: Wand              |       |       |     2 ||     2
    Use: Potion            |       |     1 |     2 ||     3
         Scroll            |       |       |     4 ||     4
   Stab: Sleeping          |       |       |     1 ||     1
 Armour: Robe              |    36 |    48 |     9 ||    93
         Ring mail         |       |       |    28 ||    28
  Dodge: Dodged            |    38 |    39 |    16 ||    93
  Block: Kite shield       |     5 |    32 |    23 ||    60

Table legend: (Time is in decaauts)
 A = Elapsed time spent in this place.
 B = Non-inter-level travel time spent in this place.
 C = Inter-level travel time spent in this place.
 D = Time resting spent in this place.
 E = Time spent auto-exploring this place.
 F = Levels seen in this place.
 G = Mean time per level.
                   A        B        C        D        E       F      G
               +--------+--------+--------+--------+--------+-----+--------+
         Total |   6009 |   5778 |    231 |    251 |   4631 |   7 |  858.4 |
       Dungeon |   6008 |   5777 |    231 |    251 |   4631 |   6 | 1001.3 |
        Temple |      1 |      1 |      0 |      0 |      0 |   1 |    1.0 |
               +--------+--------+--------+--------+--------+-----+--------+

Top non-repeatable levels by time:
     D:5: 1740 daAuts
     D:2: 1116 daAuts
     D:1: 927 daAuts
     D:6: 843 daAuts
     D:3: 690 daAuts
     D:4: 689 daAuts
  Temple: 1 daAuts
